 Dungeon Crawl Stone Soup version 0.27-a0-1324-ge0d8e047f6 (webtiles) character file.

Game seed: 7569472361336991451

80 Nattfarinn the Insei (level 4, 0/33 HPs)
             Began as a Djinni Transmuter on June 23, 2021.
             Slain by a bullfrog skeleton (5 damage)
             ... on level 3 of the Dungeon.
             The game lasted 00:03:44 (3252 turns).

Nattfarinn the Insei (Djinni Transmuter)            Turns: 3252, Time: 00:03:44

Health: 0/33       AC:  3    Str:  9    XL:     4   Next: 65%
Gold:   144        EV: 13    Int: 15    God:
                   SH:  0    Dex: 14

rFire    + + .     SeeInvis .   e - +3 hand axe (elec)
rCold    x . .     Faith    .   (no shield)
rNeg     + . .     Spirit   .   a - +0 robe
rPois    ∞         Reflect  .   (no helmet)
rElec    .         Harm     .   (no cloak)
rCorr    .         Rampage  .   l - +0 pair of gloves
Will     .....                  (boots unavailable)
Stlth    +.........             (no amulet)
HPRegen  0.11/turn              h - ring of positive energy
MPRegen  0.00/turn              (no ring)

@: flying
A: sickness immunity, fire resistance 2, cold vulnerability 1, float, innate
caster, hp casting, extra vitality 1
a: no special abilities


You were on level 3 of the Dungeon.
You visited 1 branch of the dungeon, and saw 3 of its levels.

You collected 144 gold pieces.

Inventory:

Hand Weapons
 e - a +3 hand axe of electrocution (weapon)
Armour
 a - a +0 robe (worn)
 i - a +0 cloak
 l - a +0 pair of gloves (worn)
Jewellery
 h - a ring of positive energy (left hand)
Scrolls
 b - a scroll of noise {unknown}
 g - a scroll of immolation
 j - 2 scrolls of identify {unknown}
 k - a scroll of silence {unknown}
Potions
 c - a potion of curing {unknown}
 d - 2 potions of brilliance {unknown}
 f - 2 potions of might {unknown}


   Skills:
 + Level 1.9 Fighting
 + Level 2.9 Dodging
 * Level 3.9 Unarmed Combat
 + Level 2.0 Spellcasting


You couldn't memorise any spells.
You knew the following spells:

 Your Spells              Type           Power      Damage    Failure   Level
a - Beastly Appendage     Tmut           14%        N/A       10%         1
b - Wereblood             Tmut           7%         N/A       14%         2
c - Spider Form           Tmut/Pois      3%         N/A       28%         3
d - Ice Form              Ice/Tmut       7%         N/A       67%         4
e - Corona                Hex            7%         N/A       10%         1
Your spell library was empty.

Dungeon Overview and Level Annotations

Branches:
Dungeon (3/15)

Altars:

Annotations:
D:2 1 runed translucent door, Crazy Yiuf


Innate Abilities, Weirdness & Mutations

You are immune to sickness and miasma.
You are immune to poison.
Your flesh is very heat resistant. (rF++)
You are vulnerable to cold. (rC-)
You float through the air rather than walking.
You learn spells naturally, not from books.
Your magical power is your life essence.
You have superior vitality. (+4 HP)


Message History

No target in view!
There is an open door here.
Found 18 arrows.
A kobold and a skeleton come into view.
The kobold is wielding a +0 dagger and quivering poisoned darts.
Unknown command.
The kobold shouts!
The bullfrog skeleton misses you.
You barely miss the bullfrog skeleton. You closely miss the kobold.
The bullfrog skeleton hits you. The kobold closely misses you.
The bullfrog skeleton closely misses you.
The kobold misses you.
You barely miss the bullfrog skeleton. You hit the kobold.
The bullfrog skeleton barely misses you.
The kobold hits you but does no damage.
The bullfrog skeleton closely misses you.
You closely miss the kobold.
The kobold is heavily wounded.
You barely miss the bullfrog skeleton.
The bullfrog skeleton barely misses you.
The kobold closely misses you.
You hit the kobold. Lightning courses through the kobold!
You kill the kobold!
You hit the bullfrog skeleton. The bullfrog skeleton hits you. x2
You barely miss the bullfrog skeleton.
The bullfrog skeleton is lightly damaged.
The bullfrog skeleton hits you. x2
You are too injured to fight recklessly!
You are too injured to fight recklessly!
You slash the bullfrog skeleton!
You punch the bullfrog skeleton, but do no damage.
The bullfrog skeleton is moderately damaged.
The bullfrog skeleton hits you.
* * * LOW HITPOINT WARNING * * *
You hit the bullfrog skeleton.
The bullfrog skeleton is heavily damaged.
The bullfrog skeleton hits you.
* * * LOW HITPOINT WARNING * * *
The bullfrog skeleton hits you.
You die...

#......#.###.#.#
†.†.####.....#.#
....##########.##
....'..... ...#
....#....# #..#
....#....# #..#####..#
....#....#####.........#
....#.........##.#####.#
#####.........+.@......#
# #.........##Z)###### #
#....########.# # ##.###
... .. ######.###....
..# ....##........ ..#
..........#### ...
..........# ...#
........###


You could see a bullfrog skeleton.

Vanquished Creatures
  3 adders (D:2)
  A worm (D:3)
  3 ball pythons (D:2)
  4 endoplasms
  6 giant cockroaches
  4 goblins
  4 hobgoblins
  4 jackals (D:3)
  3 quokkas
  6 bats
  3 frilled lizards (D:2)
  3 kobolds
  A rat (D:2)
45 creatures vanquished.

Notes
Turn   | Place    | Note
-------+----------+-------------------------------------------
     0 | D:1      | Nattfarinn the Djinni Transmuter began the quest for the
                  | Orb.
     0 | D:1      | Reached XP level 1. HP: 17/17 MP: 0/0
   546 | D:1      | Reached XP level 2. HP: 19/22 MP: 0/0
   717 | D:1      | Found a faded altar of an unknown god.
  1621 | D:2      | Reached XP level 3. HP: 27/27 MP: 0/0
  1621 | D:2      | Learned a level 1 spell: Corona
  2152 | D:2      | Reached XP level 4. HP: 33/33 MP: 0/0
  2804 | D:2      | Found a runed translucent door.
  2805 | D:2      | Noticed Crazy Yiuf
  3252 | D:3      | Slain by a bullfrog skeleton

Illustrated notes

Levels and vault maps discovered:
D:1:      psy_arrival_conway, layout_basic, hellmonk_ecumenical_altar_blasted
D:2:      layout_basic, chequers_garden, minmay_domino_4,
          uniq_crazy_yiuf_cottage
D:3:      layout_basic, biasface_ghost_orc_armoury, nrook_mini_vaults, hex_tiny

Skill      XL: |  1  2  3  4 |
---------------+-------------+-----
Spellcasting   | 2 |  2.0
Fighting       | |  1.9
Dodging        | |  2.9
Unarmed Combat | |  3.9

Action                   |  1- 3 |  4- 6 || total
-------------------------+-------+-------++-------
Melee: Unarmed           |    26 |       ||    26
       Headbutt          |     4 |       ||     4
       Hand axe          |    57 |    51 ||   108
       Punch             |       |     1 ||     1
 Cast: Beastly Appendage |     4 |       ||     4
 Stab: Sleeping          |     1 |       ||     1
Armor: Robe              |    28 |     7 ||    35
Dodge: Dodged            |    62 |    37 ||    99

Table legend: (Time is in decaauts)
 A = Elapsed time spent in this place.
 B = Non-inter-level travel time spent in this place.
 C = Inter-level travel time spent in this place.
 D = Time resting spent in this place.
 E = Time spent auto-exploring this place.
 F = Levels seen in this place.
 G = Mean time per level.
                   A        B        C        D        E       F      G
               +--------+--------+--------+--------+--------+-----+--------+
         Total |   3281 |   3124 |    157 |    473 |   2329 |   3 | 1093.7 |
       Dungeon |   3281 |   3124 |    157 |    473 |   2329 |   3 | 1093.7 |
               +--------+--------+--------+--------+--------+-----+--------+

Top non-repeatable levels by time:
     D:2: 1515 daAuts
     D:1: 1340 daAuts
     D:3: 425 daAuts
